 Dungeon Crawl Stone Soup version 0.26-a0-784-g51bffae0b1 (webtiles) character file.

Game seed: 8100590742346822725

10169 Kinoniko the Fighter (level 11, -2/111 HPs)
             Began as a Hill Orc Fighter on Nov 10, 2020.
             Was a Believer of the Shining One.
             Slain by a vampire knight
             ... wielding a +0 great sword
              (20 damage)
             ... on level 13 of the Dungeon.
             The game lasted 00:15:11 (10543 turns).

Kinoniko the Fighter (Hill Orc Fighter)            Turns: 10543, Time: 00:15:11

Health: -2/111     AC: 17    Str: 22    XL:     11   Next: 57%
Magic:  11/11      EV: 13    Int: 18    God:    the Shining One [**....]
Gold:   656        SH: 13    Dex: 13    Spells: 10/10 levels left

rFire    x . .     SeeInvis +   s - +5 rapier of Utudgh {freeze, Str+2}
rCold    . . .     Faith    .   c - +2 kite shield
rNeg     + . .     Spirit   .   K - +1 ring mail {MR+}
rPois    .         Reflect  .   F - +2 hat {Int+3}
rElec    .         Harm     .   E - +1 cloak
rCorr    .         Rampage  .   (no gloves)
MR       +....                  m - +0 pair of boots
Stlth    +.........             G - amulet of the acrobat
HPRegen  0.28/turn              H - ring of Dishonesty {rF- AC+4 Int+7 SInv Stlth+}
MPRegen  0.12/turn              I - +4 ring of evasion

@: hasted, glowing, studying Fighting, very quick
A: mutation resistance 1
a: Divine Shield, Renounce Religion


You were on level 13 of the Dungeon.
You worshipped the Shining One.
The Shining One was pleased with you.
You visited 2 branches of the dungeon, and saw 12 of its levels.
You also visited: Sewer and Ossuary.

You collected 656 gold pieces.

Inventory:

Hand Weapons
 a - a +1 long sword
 s - the +5 rapier of Utudgh (weapon) {freeze, Str+2}
   (You took it off an orc on level 7 of the Dungeon)

   It has been specially enchanted to freeze those struck by it, causing extra
   injury to most foes and up to half again as much damage against particularly
   susceptible opponents.
   It can also slow down cold-blooded creatures.
   It affects your strength (+2).
Armour
 c - a +2 kite shield (worn)
 m - a +0 pair of boots (worn)
 E - a +1 cloak (worn)
 F - a +2 hat of intelligence (worn)
 J - a +2 leather armour of poison resistance
 K - a +1 ring mail of magic resistance (worn)
 O - the -4 pair of boots "Byimeshruf" {Harm}
   (You found it on level 10 of the Dungeon)

   It increases damage dealt and taken.
Jewellery
 h - an uncursed ring of stealth
 i - an uncursed ring of positive energy
 k - an uncursed ring of see invisible
 p - an uncursed ring of positive energy
 r - an uncursed ring of wizardry
 u - an uncursed ring of wizardry
 y - an uncursed ring of see invisible
 D - an uncursed amulet of regeneration {unknown}
 G - an amulet of the acrobat (around neck)
 H - the ring of Dishonesty (left hand) {rF- AC+4 Int+7 SInv Stlth+}
   (You found it on level 5 of the Dungeon)

   [ring of protection]

   It affects your AC (+4).
   It affects your intelligence (+7).
   It makes you vulnerable to fire.
   It lets you see invisible.
   It makes you more stealthy.
 I - a +4 ring of evasion (right hand)
 M - an uncursed ring of wizardry
Wands
 t - a wand of polymorph (10)
 v - a wand of enslavement (9)
 x - a wand of digging (9)
Scrolls
 d - 4 scrolls of amnesia
 f - 8 scrolls of teleportation
 l - 3 scrolls of remove curse
 L - a scroll of fear
 N - a scroll of blinking
Potions
 e - a potion of attraction
 g - 4 potions of brilliance
 j - a potion of mutation
 n - a potion of degeneration
 o - 3 potions of curing
 q - 4 potions of cancellation
 w - 3 potions of flight
 z - a potion of ambrosia
Books
 b - a manual of Fighting


   Skills:
 * Level 14.6 Fighting
 * Level 7.8(9.1) Short Blades
 - Level 7.8(9.5) Long Blades
 + Level 8.7 Armour
 + Level 8.7 Shields


You had 10 spell levels left.
You didn't know any spells.
Your spell library contained the following spells:

 Spells                   Type           Power        Failure   Level
 Confusing Touch          Hex            #.......     91%         3
 Gell's Gravitas          Tloc           #.........   91%         3
 Petrify                  Tmut/Erth      #.......     100%        4
 Metabolic Englaciation   Hex/Ice        #.........   100%        5
 Yara's Violent Unravell  Hex/Tmut       #.........   100%        5


Dungeon Overview and Level Annotations

Branches:
Dungeon (10/15)            Temple (1/1) D:7            Lair (0/6) D:9
  Sewer (visited)         Ossuary (visited)
    Orc: D:9-12

Altars:
Ashenzari
Cheibriados
Dithmenos
Elyvilon
Fedhas
Gozag
Hepliaklqana
Kikubaaqudgha
Makhleb
Nemelex Xobeh
Okawaru
Qazlal
Ru
Sif Muna
Trog
Uskayaw
Vehumet
Wu Jian
Xom
Yredelemnul
Zin
The Shining One


Innate Abilities, Weirdness & Mutations

You are somewhat resistant to further mutation.


Message History

You hit the vampire knight but do no damage.
The vampire knight is almost destroyed.
You feel as though your hastened speed will last longer.
You hit the vampire knight but do no damage.
The vampire knight is almost destroyed.
The vampire knight is infused with unholy energy.
* * * LOW HITPOINT WARNING * * *
The vampire knight draws life force from you and is healed!
You hit the vampire knight but do no damage.
The vampire knight is severely damaged.
You hit the vampire knight.
The vampire knight is severely damaged.
The vampire knight is infused with unholy energy.
* * * LOW HITPOINT WARNING * * *
The vampire knight draws life force from you and is healed!
Unknown command.
You feel better.
You recover from your berserk rage.
The vampire knight hits you with a +0 great sword!!
You die...

#########
#####)......#
#...))......#
#...#(......#
+...#.......+
#####.......##+##
####@........
#.V.?.....
#.........
#.........
#.......#.
######..# ..# ...
#.


You could see a vampire knight.

Vanquished Creatures
  Gastronok (D:9)
  A centaur warrior (D:13)
  A two-headed ogre (D:9)
  An unseen horror (D:10)
  Pikel (D:6)
  An ugly thing (D:13)
  Joseph (D:9)
  A troll (D:9)
  2 tyrant leeches (D:13)
  4 yaks (D:9)
  3 wyverns (D:9)
  A vampire (D:13)
  A basilisk (D:9)
  4 water moccasins (D:9)
  2 black bears
  3 ice beasts
  2 ogres
  2 centaurs
  2 lemures (D:6)
  A big kobold (Sewer)
  3 bullfrogs
  2 water moccasin zombies (Ossuary)
  A wyvern skeleton (D:10)
  3 scorpions
  4 killer bees (D:9)
  3 wights
  5 howler monkeys
  A crimson imp (D:4)
  5 hounds
  A quasit (D:8)
  2 centaur skeletons
  3 orc priests
  A jelly (D:10)
  8 orc wizards
  A bullfrog skeleton (D:10)
  2 iguanas
  7 worker ants
  A killer bee zombie (D:8)
  3 big kobold zombies (Ossuary)
  2 mummies (Ossuary)
  2 worker ant zombies
  11 gnolls
  15 adders
  A shadow imp (D:9)
  4 white imps
  2 ufetubi
  2 oozes
  8 adder zombies
  2 worms
  2 dart slugs (D:2)
  8 leopard geckos
  34 orcs
  4 ball pythons
  9 bats
  10 giant cockroaches
  8 goblins
  10 hobgoblins
  3 jackals (D:3)
  A quokka (D:2)
  4 frilled lizards
  2 gnoll zombies (Ossuary)
  6 hobgoblin zombies (Ossuary)
  25 kobolds
  5 kobold zombies (Ossuary)
  A leopard gecko zombie (D:6)
  2 orc zombies (Ossuary)
  4 rats
278 creatures vanquished.

Vanquished Creatures (others)
  2 fungi (D:9)
  28 plants
  6 withered plants (D:2)
36 creatures vanquished.

Grand Total: 314 creatures vanquished

Notes
Turn   | Place    | Note
-------+----------+-------------------------------------------
     0 | D:1      | Kinoniko the Hill Orc Fighter began the quest for the Orb.
     0 | D:1      | Reached XP level 1. HP: 19/19 MP: 1/1
   267 | D:1      | Reached XP level 2. HP: 27/27 MP: 2/2
   586 | D:2      | Reached XP level 3. HP: 27/33 MP: 3/3
   678 | D:2      | Reached skill level 4 in Fighting
  1029 | D:2      | Reached XP level 4. HP: 40/40 MP: 4/4
  1209 | D:2      | Found an ancient bone altar of Kikubaaqudgha.
  1398 | D:3      | Found a snail-covered altar of Cheibriados.
  1701 | D:3      | Reached XP level 5. HP: 41/47 MP: 5/5
  2004 | D:4      | Found a sand-covered staircase.
  2010 | Ossuary  | Entered an ossuary
  2127 | Ossuary  | Reached skill level 5 in Fighting
  2205 | Ossuary  | Reached XP level 6. HP: 49/56 MP: 6/6
  2583 | Ossuary  | Got a crude cloak
  2584 | Ossuary  | Identified the cursed +0 cloak "Ycziops" {Stlth+} (You
                  | found it in an ossuary)
  2627 | D:4      | Found a shimmering blue altar of Sif Muna.
  2659 | D:4      | Found a hide-covered altar of Uskayaw.
  2983 | D:4      | Found a shimmering altar of Xom.
  3298 | D:4      | Reached skill level 5 in Long Blades
  3298 | D:4      | Reached XP level 7. HP: 42/62 MP: 7/7
  3440 | D:4      | Reached skill level 6 in Fighting
  3811 | D:5      | Entered Level 5 of the Dungeon
  3910 | D:5      | Found a glowing drain.
  3933 | Sewer    | Entered a sewer
  3966 | Sewer    | Reached skill level 5 in Shields
  4424 | D:5      | Reached skill level 5 in Armour
  4506 | D:5      | Reached XP level 8. HP: 71/71 MP: 8/8
  4552 | D:5      | Reached skill level 7 in Fighting
  4817 | D:5      | Found an ornate altar of the Wu Jian Council.
  4843 | D:5      | Found a hazy altar of Hepliaklqana.
  4882 | D:5      | Got a glittering silver ring
  5614 | D:6      | Identified the ring of Dishonesty {rF- AC+4 Int+7 SInv
                  | Stlth+} (You found it on level 5 of the Dungeon)
  6375 | D:6      | Found an opulent altar of Gozag.
  6424 | D:6      | Noticed Pikel
  6450 | D:6      | Killed Pikel
  6450 | D:6      | Reached skill level 8 in Fighting
  6450 | D:6      | Reached XP level 9. HP: 52/82 MP: 9/9
  6874 | D:7      | Found a staircase to the Ecumenical Temple.
  6882 | Temple   | Entered the Ecumenical Temple
  7183 | Temple   | Became a worshipper of the Shining One
  7675 | D:7      | Identified the +5 rapier of Utudgh {freeze, Str+2}
  7882 | D:7      | Found an iron altar of Okawaru.
  7997 | D:8      | Reached skill level 1 in Short Blades
  8015 | D:8      | Reached skill level 9 in Fighting
  8121 | D:8      | Reached * piety under the Shining One
  8723 | D:9      | Identified a scroll of acquirement
  8723 | D:9      | Acquired a manual of Fighting
  8765 | D:9      | Gained mutation: You are somewhat resistant to further
                  | mutation. [potion of mutation]
  8816 | D:9      | Reached skill level 10 in Fighting
  8823 | D:9      | Reached XP level 10. HP: 94/94 MP: 10/10
  8833 | D:9      | Reached skill level 11 in Fighting
  8847 | D:9      | Reached skill level 5 in Short Blades
  9017 | D:9      | Found a staircase to the Lair.
  9022 | D:9      | Noticed a two-headed ogre
  9031 | D:9      | Killed a two-headed ogre
  9031 | D:9      | Reached skill level 12 in Fighting
  9297 | D:9      | Noticed Gastronok
  9319 | D:9      | Killed Gastronok
  9319 | D:9      | Reached skill level 13 in Fighting
  9319 | D:9      | Reached XP level 11. HP: 39/107 MP: 11/11
  9695 | D:9      | Found a shadowy altar of Dithmenos.
  9702 | D:9      | Noticed Joseph
  9728 | D:9      | Killed Joseph
  9729 | D:9      | Found a broken altar of Ashenzari.
 10140 | D:10     | Entered Level 10 of the Dungeon
 10261 | D:10     | Got a pair of dazzling boots
 10272 | D:10     | Identified the cursed -4 pair of boots "Byimeshruf" {Harm}
                  | (You found it on level 10 of the Dungeon)
 10313 | D:10     | Noticed an unseen horror
 10324 | D:10     | Killed an unseen horror
 10383 | D:10     | Reached skill level 14 in Fighting
 10418 | D:10     | You fall into a shaft and drop 3 floors!
 10419 | D:13     | Reached ** piety under the Shining One
 10430 | D:13     | Noticed a centaur warrior
 10449 | D:13     | Noticed a vampire knight
 10449 | D:13     | Noticed a brown ugly thing
 10456 | D:13     | Killed a centaur warrior
 10469 | D:13     | Killed a brown ugly thing
 10478 | D:13     | Noticed a vampire knight
 10543 | D:13     | Slain by a vampire knight

Illustrated notes

Levels and vault maps discovered:
D:1:      minmay_arrival_loop, layout_rooms, minmay_misc_feat_square,
          minmay_misc_feat_doors
D:2:      kennysheep_six_static_rooms, layout_loops_ring,
          kiku_gazebo_garden_becter
D:3:      corexii_shack_village, layout_rooms, cheibriados_altar_1
D:4:      layout_loops_ring, kennysheep_little_box,
          nicolae_overflow_hidden_temple, lemuel_crystal_altar,
          nicolae_ossuary_entry_plus, minmay_fire_ice_demons
D:5:      layout_basic, overflow_temple_1_default, old_standard_altar,
          portal_sewer_entry_f, serial_bayou_lagoon_a,
          chequers_serial_rivers_micro_b, serial_bayou_pond_e, st_stairs_1,
          minmay_misc_feat_tiny, small_statue_intersection,
          guppyfry_early_lair_pool
D:6:      layout_loops_ring, kennysheep_mini_moat, uniq_pikel
D:7:      layout_gridville, old_standard_altar, minmay_temple_entry_tees
D:8:      layout_gridville
D:9:      layout_basic, overflow_temple_1_default, kennysheep_mini,
          minmay_lair_entry_grove, uniq_joseph, uniq_gastronok
D:10:     layout_rooms
D:13:     layout_gridville, grunt_vaults_entry_tiered,
          minmay_guarded_unrand_vampires_tooth, uniq_maurice, uniq_josephine
Temple:   hc_temple_tempest_star

Skill      XL: |  1  2  3  4  5  6  7  8  9 10 11 |
---------------+----------------------------------+-----
Fighting       | 4 5 6 8 10 13 14 | 14.6
Long Blades    | 3 4 5 6 7 |  7.8
Shields        | 4 5 6 7 8 |  8.7
Armour         | 4 5 6 7 8 |  8.7
Short Blades   | 4 6 7 |  7.8

Action                   |  1- 3 |  4- 6 |  7- 9 | 10-12 || total
-------------------------+-------+-------+-------+-------++-------
Melee: Long sword        |    97 |   319 |   423 |       ||   839
       Rapier            |       |       |   127 |   244 ||   371
  Use: Scroll            |       |     9 |    15 |     1 ||    25
       Potion            |       |       |    12 |    12 ||    24
 Stab: Sleeping          |       |       |     1 |       ||     1
Armor: Scale mail        |    51 |   120 |   245 |       ||   416
       Leather armour    |       |       |    13 |    15 ||    28
       Ring mail         |       |       |       |    45 ||    45
Dodge: Dodged            |    33 |    78 |   185 |    93 ||   389
Block: Kite shield       |    62 |   155 |   332 |   158 ||   707
       Rpst.: Long sword |    10 |    21 |    38 |       ||    69

Table legend: (Time is in decaauts)
 A = Elapsed time spent in this place.
 B = Non-inter-level travel time spent in this place.
 C = Inter-level travel time spent in this place.
 D = Time resting spent in this place.
 E = Time spent auto-exploring this place.
 F = Levels seen in this place.
 G = Mean time per level.
                   A        B        C        D        E       F      G
               +--------+--------+--------+--------+--------+-----+--------+
         Total |  10771 |  10302 |    469 |   1902 |   6090 |  14 |  769.4 |
       Dungeon |   9350 |   8914 |    436 |   1840 |   5189 |  11 |  850.0 |
        Temple |    321 |    288 |     33 |      0 |    286 |   1 |  321.0 |
         Sewer |    454 |    454 |      0 |     62 |    223 |   1 |  454.0 |
       Ossuary |    644 |    644 |      0 |      0 |    392 |   1 |  644.0 |
               +--------+--------+--------+--------+--------+-----+--------+

Top non-repeatable levels by time:
     D:9: 1626 daAuts
     D:5: 1429 daAuts
     D:4: 1259 daAuts
     D:6: 1151 daAuts
     D:7: 889 daAuts
     D:2: 823 daAuts
 Ossuary: 644 daAuts
     D:3: 615 daAuts
     D:1: 594 daAuts
     D:8: 592 daAuts
   Sewer: 454 daAuts
  Temple: 321 daAuts
    D:10: 269 daAuts
    D:13: 99 daAuts
